[Event "Titled Tuesday Blitz February 07 Late 2023"]
[White "Perske, Thore"]
[Black "Abdyzhaparov, Aidar"]
[WhiteFideId "12902195"]
[BlackFideId "13800361"]
[WhiteElo "2448"]
[BlackElo "1978"]
[Result "1-0"]
[Round "01"]
[TimeControl "180+2"]
[Date "2023.02.07"]
[WhiteClock "0:00:20"]
[BlackClock "0:00:38"]

1. e4 d6 2. Nf3 Nf6 3. d3 e5 4. g3 Be7 5. Bg2 Nbd7 6. O-O c6 7. a4 b6 8. Nc3 Bb7 9. Nh4 g6 10. Bh6 Qc7 11. h3 a6 12. Kh2 Bf8 13. Be3 Be7 14. f4 exf4 15. Bxf4 Nh5 16. Nf3 Nxf4 17. gxf4 O-O-O 18. d4 h6 19. Qd3 g5 20. f5 d5+ 21. Kh1 dxe4 22. Nxe4 Nf6 23. Nxf6 Bxf6 24. c3 c5 25. Rad1 Qg3 26. Qc4 Kb8 27. Qxf7 Rhf8 28. Qh5 cxd4 29. cxd4 Rxd4 30. Qxh6 Rxd1 31. Qxf8+ Ka7 32. Rxd1 Be5 33. Qe7 Bc7 34. Rd7 Kb8 35. Rxc7 Qxc7 36. Qxc7+ Kxc7 37. Nxg5 Bc8 38. f6 Kd6 39. f7 Ke7 40. h4 Bd7 41. b3 b5 42. a5 b4 43. Bf1 Bf5 44. Bxa6 Bc2 45. Bc4 Bd1 46. a6 Kf8 47. a7 Kg7 48. a8=Q Bf3+ 49. Nxf3 Kh6 50. f8=Q+ 1-0


[Site "https://www.chess.com"]

[Event "Titled Tuesday Blitz February 07 Late 2023"]
[White "Rian, Kapriaga"]
[Black "Shuvalova, Polina"]
[WhiteFideId "7103263"]
[BlackFideId "24171760"]
[WhiteElo "2089"]
[BlackElo "2484"]
[Result "0-1"]
[Round "01"]
[TimeControl "180+2"]
[Date "2023.02.07"]
[WhiteClock "0:00:01"]
[BlackClock "0:00:04"]

1. d4 Nf6 2. Nf3 d5 3. Bf4 c5 4. e3 Nc6 5. Nbd2 Nh5 6. Bg5 h6 7. Bh4 g5 8. Bg3 Nxg3 9. hxg3 e6 10. c3 Qb6 11. Qb3 Bg7 12. Be2 Bd7 13. O-O g4 14. Ne1 h5 15. Qxb6 axb6 16. Nd3 c4 17. Nf4 f5 18. b3 b5 19. a4 bxa4 20. bxc4 dxc4 21. Nxc4 Ra7 22. Rfb1 O-O 23. Bd1 b5 24. Na3 b4 25. cxb4 Rb8 26. Nc4 Bf8 27. Rxa4 Rab7 28. b5 Rxb5 29. Rxb5 Rxb5 30. Ra8 Rb1 31. Kf1 Rxd1+ 32. Ke2 Rc1 33. Ne5 Nxe5 34. dxe5 Bb5+ 35. Kd2 Rf1 36. Nxe6 Rxf2+ 37. Kc3 Kf7 38. Nxf8 Bc6 39. e6+ Ke7 40. Kd4 Bxa8 41. Ke5 Re2 42. Ng6+ Ke8 43. Kf6 Rxe3 44. Nf4 Rxg3 0-1


[Site "https://www.chess.com"]

[Event "Titled Tuesday Blitz February 07 Late 2023"]
[White "Boyer, Mahel"]
[Black "Lacasa Diaz, Jose Antonio"]
[WhiteFideId "45102422"]
[BlackFideId "2203375"]
[WhiteElo "2489"]
[BlackElo "2359"]
[Result "1-0"]
[Round "01"]
[TimeControl "180+2"]
[Date "2023.02.07"]
[WhiteClock "0:01:15"]
[BlackClock "0:00:17"]

1. e4 c5 2. Nf3 d6 3. d4 cxd4 4. Nxd4 Nf6 5. Nc3 g6 6. Be2 Bg7 7. h4 Nc6 8. Be3 h5 9. Qd2 Ng4 10. Bxg4 Bxg4 11. f3 Be6 12. O-O-O O-O 13. g4 Nxd4 14. Bxd4 Bxd4 15. Qxd4 Qa5 16. gxh5 Qxh5 17. Rdg1 Rfc8 18. f4 Rc4 19. Qf2 Rxc3 20. bxc3 Qa5 21. Qd4 Rc8 22. f5 Rc4 23. Qd2 Qxa2 24. Qd3 Rxe4 25. Qxe4 Bxf5 26. Qxf5 Qa1+ 27. Kd2 Qxg1 28. Rxg1 1-0


[Site "https://www.chess.com"]

[Event "Titled Tuesday Blitz February 07 Late 2023"]
[White "Gomes, Luiz Alexandre de Souza"]
[Black "Rostomyan, Mikayel"]
[WhiteFideId "2102790"]
[BlackFideId "13313754"]
[WhiteElo "2254"]
[BlackElo "2222"]
[Result "1-0"]
[Round "01"]
[TimeControl "180+2"]
[Date "2023.02.07"]
[WhiteClock "0:02:01"]
[BlackClock "0:00:46"]

1. e4 c5 2. Nf3 Nc6 3. d4 cxd4 4. Nxd4 g6 5. Nc3 Bg7 6. Be3 Nf6 7. f3 O-O 8. Bc4 Qb6 9. Qd2 Nxe4 10. Nxe4 Bxd4 11. Bxd4 Qxd4 12. Qxd4 Nxd4 13. O-O-O Nc6 14. h4 d6 15. h5 Na5 16. Bd3 Be6 17. hxg6 hxg6 18. Ng5 Bc4 19. Be4 Kg7 20. b3 Bb5 21. Rh7+ Kf6 22. f4 Rh8 23. Rxf7# 1-0


[Site "https://www.chess.com"]

[Event "Titled Tuesday Blitz February 07 Late 2023"]
[White "tuschessCM1"]
[Black "Silva, Caio Henrique Angelico"]
[BlackFideId "22777210"]
[WhiteElo "2670"]
[BlackElo "2129"]
[Result "1-0"]
[Round "01"]
[TimeControl "180+2"]
[Date "2023.02.07"]
[WhiteClock "0:02:51"]
[BlackClock "0:02:45"]

1. c4 e5 2. g3 Nf6 3. Bg2 d5 4. cxd5 Nxd5 5. Nf3 Nc6 6. O-O Be7 7. d4 exd4 8. Nxd4 Nxd4 9. Qxd4 Nb6 10. Qxg7 Bf6 11. Qh6 Qe7 12. Nc3 Bf5 13. Bxb7 1-0


[Site "https://www.chess.com"]

[Event "Titled Tuesday Blitz February 07 Late 2023"]
[White "Carrasco Miranda, Andres"]
[Black "Nazari, Arad"]
[WhiteFideId "3405990"]
[BlackFideId "12577324"]
[WhiteElo "2240"]
[BlackElo "2367"]
[Result "0-1"]
[Round "01"]
[TimeControl "180+2"]
[Date "2023.02.07"]
[WhiteClock "0:00:01"]
[BlackClock "0:00:32"]

1. d4 Nf6 2. c4 g6 3. g3 c6 4. Bg2 d5 5. Qa4 Bg7 6. cxd5 Nxd5 7. Nf3 O-O 8. O-O Nd7 9. Nc3 N7b6 10. Qc2 Nxc3 11. bxc3 Be6 12. Bf4 Nd5 13. Bd2 Nb6 14. Bf4 Nc4 15. Rfd1 Qa5 16. Nd2 Nxd2 17. Rxd2 Rfd8 18. e4 Bc4 19. h4 e5 20. Bg5 Rd6 21. Rad1 h6 22. Be7 Rd7 23. Bb4 Qc7 24. d5 Rad8 25. Bh3 f5 26. d6 Qb6 27. exf5 c5 28. fxg6 cxb4 29. cxb4 Qc6 30. Bxd7 Rxd7 31. a4 a6 32. a5 Bf6 33. h5 Kg7 34. Qf5 Bb3 35. Re1 Rxd6 36. Rxd6 Qxd6 37. Qc8 Bd5 38. Rd1 Qc6 39. Qf5 Be6 40. Qd3 Bg4 0-1


[Site "https://www.chess.com"]

[Event "Titled Tuesday Blitz February 07 Late 2023"]
[White "Vlassov, Nikolai"]
[Black "Rego, Pedro Filipe"]
[WhiteFideId "4103360"]
[BlackFideId "1904310"]
[WhiteElo "2283"]
[BlackElo "2312"]
[Result "0-1"]
[Round "01"]
[TimeControl "180+2"]
[Date "2023.02.07"]
[WhiteClock "0:00:04"]
[BlackClock "0:00:04"]

1. e4 c5 2. c3 Nf6 3. e5 Nd5 4. d4 cxd4 5. cxd4 d6 6. Bc4 Nb6 7. Bb3 Nc6 8. e6 fxe6 9. Nf3 Na5 10. Bc2 Bd7 11. Bxh7 Rxh7 12. Qd3 Qc7 13. Qg6+ Kd8 14. Nc3 Rh8 15. Ng5 Kc8 16. h4 Kb8 17. Qe4 Qc6 18. Nf7 Qxe4+ 19. Nxe4 Rh5 20. g4 Rd5 21. Be3 Nac4 22. Nfg5 a6 23. Rh3 Ka7 24. Rf3 e5 25. Nh7 exd4 26. Bc1 Bxg4 27. Rxf8 Rxf8 28. Nxf8 Re5 29. Kf1 Rxe4 30. b3 Ne5 31. Nh7 Bf3 32. Bb2 Rxh4 33. Ke1 Rxh7 34. Kd2 Rh2 35. Bxd4 a5 36. a4 Ka6 37. Rg1 Rg2 38. Re1 g5 39. Bxe5 dxe5 40. Rxe5 g4 41. Rxe7 g3 42. Ke3 Rxf2 43. Rg7 Bc6 44. Rxg3 Rb2 45. Kd4 Bd5 46. Kc5 Rxb3 47. Rg6 Rb4 48. Rd6 Bc6 49. Rh6 Rc4+ 50. Kd6 Rxa4 51. Kc7 Rb4 52. Kb8 a4 53. Rh4 Rxh4 0-1


[Site "https://www.chess.com"]

[Event "Titled Tuesday Blitz February 07 Late 2023"]
[White "Bernat, David"]
[Black "Haydon, David L"]
[WhiteFideId "2099225"]
[BlackFideId "415405"]
[WhiteElo "1862"]
[BlackElo "2253"]
[Result "1/2-1/2"]
[Round "01"]
[TimeControl "180+2"]
[Date "2023.02.07"]
[WhiteClock "0:00:21"]
[BlackClock "0:00:19"]

1. c4 c6 2. e4 d5 3. cxd5 cxd5 4. exd5 Nf6 5. Nc3 Nxd5 6. Bc4 Nb6 7. Bb3 Nc6 8. Nf3 e6 9. d4 Be7 10. O-O O-O 11. Bf4 Bf6 12. Be5 Na5 13. Bc2 Nac4 14. b3 Nxe5 15. dxe5 Be7 16. Qe2 Bd7 17. Rfd1 Qc7 18. Rac1 Bc6 19. Ne4 h6 20. Nd6 Rad8 21. Qd3 g6 22. Qd2 Kg7 23. Qa5 Qb8 24. Nd4 Bxd6 25. Nxc6 bxc6 26. exd6 Nd5 27. Be4 Rxd6 28. Bxd5 cxd5 29. Qc3+ Kg8 30. Qe3 Kh7 31. Qc5 Rd7 32. Rc2 Rfd8 33. Rdc1 Qd6 34. Qd4 Qa6 35. h4 Qb6 36. Qxb6 axb6 37. Rc6 Rb7 38. Kf1 Ra8 39. a4 Kg7 40. Rc7 Rab8 41. Ke2 Kf6 42. g4 Ke5 43. Ke3 g5 44. h5 Kd6 45. Rxb7 Rxb7 46. Rc8 f5 47. gxf5 exf5 48. Rh8 Ke5 49. Rxh6 f4+ 50. Kd3 g4 51. Rg6 Kf5 52. Rd6 g3 53. fxg3 fxg3 54. Rg6 Kf4 55. h6 Kf3 56. Rg7 Rb8 57. h7 Rh8 58. Rf7+ Kg2 59. Kd4 Kh2 60. Rg7 g2 61. Kxd5 g1=Q 62. Rxg1 Kxg1 63. b4 Rxh7 64. Kc6 Rh6+ 65. Kb7 Kf2 66. a5 bxa5 67. bxa5 Ke3 68. a6 Rh7+ 69. Kb8 Kd4 70. a7 Rh8+ 71. Kb7 Kc5 72. a8=Q Rxa8 73. Kxa8 1/2-1/2


[Site "https://www.chess.com"]

[Event "Titled Tuesday Blitz February 07 Late 2023"]
[White "Kalogeris, Ioannis"]
[Black "Todev, Simeon"]
[WhiteFideId "4239563"]
[BlackFideId "2925133"]
[WhiteElo "2423"]
[BlackElo "2033"]
[Result "1-0"]
[Round "01"]
[TimeControl "180+2"]
[Date "2023.02.07"]
[WhiteClock "0:01:10"]
[BlackClock "0:00:04"]

1. e4 c5 2. Nf3 Nc6 3. Nc3 e6 4. Bb5 d5 5. exd5 exd5 6. O-O Be6 7. d4 Nf6 8. Re1 Be7 9. dxc5 O-O 10. Bxc6 bxc6 11. Be3 Rb8 12. Ne5 Qc7 13. Bf4 Bxc5 14. Ng6 Qb6 15. Nxf8 Bxf2+ 16. Kh1 Bxe1 17. Nxe6 Bxc3 18. bxc3 Ne4 19. Qd4 Qb1+ 20. Bc1 Nf6 21. Rxb1 Rxb1 22. Qe3 fxe6 23. h3 e5 24. Kh2 d4 25. cxd4 exd4 26. Qe6+ Kh8 27. Bg5 Ng8 28. Qxc6 Rb2 29. Qc4 h6 30. Bd8 Rb8 31. Qxd4 Rc8 32. c4 Kh7 33. c5 Kg6 34. c6 Kf7 35. Qd7+ Ne7 36. Qxe7+ Kg8 37. Qe6+ Kh7 38. Qxc8 g6 39. Qd7+ 1-0


[Site "https://www.chess.com"]

[Event "Titled Tuesday Blitz February 07 Late 2023"]
[White "Malicka, Maria"]
[Black "Ozer, Omer Faruk"]
[WhiteFideId "1197576"]
[BlackFideId "6354564"]
[WhiteElo "2255"]
[BlackElo "2360"]
[Result "0-1"]
[Round "01"]
[TimeControl "180+2"]
[Date "2023.02.07"]
[WhiteClock "0:02:08"]
[BlackClock "0:02:24"]

1. g3 h5 2. Nf3 Nc6 3. d4 d5 4. h4 Bg4 5. Bg2 e6 6. O-O Be7 7. c4 dxc4 8. Nc3 Nf6 9. Qa4 O-O 10. Qxc4 Bxf3 11. Bxf3 Qxd4 12. Qxd4 Nxd4 13. Bxb7 Rab8 14. Bg2 Bb4 15. e3 Bxc3 16. bxc3 Nc2 17. Bc6 Nxa1 18. Ba3 Nc2 19. Bxf8 Kxf8 20. Rc1 Na3 21. Kg2 Rb1 0-1


[Site "https://www.chess.com"]

[Event "Titled Tuesday Blitz February 07 Late 2023"]
[White "Godzwon, Iwo"]
[Black "Fathy, Elameir"]
[WhiteFideId "21802483"]
[BlackFideId "10600396"]
[WhiteElo "2394"]
[BlackElo "2300"]
[Result "1-0"]
[Round "01"]
[TimeControl "180+2"]
[Date "2023.02.07"]
[WhiteClock "0:01:19"]
[BlackClock "0:00:02"]

1. e4 c6 2. d4 d5 3. Nc3 dxe4 4. Nxe4 Nf6 5. Nxf6+ exf6 6. c3 Bd6 7. Bd3 O-O 8. Ne2 Re8 9. Qc2 h5 10. Be3 Nd7 11. O-O-O Nf8 12. h3 Be6 13. Kb1 b5 14. Nf4 Bxf4 15. Bxf4 Qd5 16. b3 a5 17. Be4 Qd7 18. g4 h4 19. g5 f5 20. Bd3 b4 21. c4 Qxd4 22. Be3 Qe5 23. Rhe1 a4 24. f4 Qa5 25. Bd4 Nd7 26. Re2 axb3 27. axb3 Nc5 28. Re5 Qa3 29. Rxc5 Red8 30. Bb2 Qa2+ 31. Kc1 Ra5 32. Rxa5 Qxa5 33. Be2 Ra8 34. Bf3 Rc8 35. Rd6 Qc5 36. Qd2 Qg1+ 37. Kc2 Qg3 38. Rd3 c5 39. Bd5 Qg1 40. Bxe6 fxe6 41. Qe3 Qg2+ 42. Rd2 Qc6 43. Re2 Re8 44. Qe5 1-0


[Site "https://www.chess.com"]

[Event "Titled Tuesday Blitz February 07 Late 2023"]
[White "Rose, Felix"]
[Black "Skvortsov, Andrei"]
[WhiteFideId "5105722"]
[BlackFideId "24108600"]
[WhiteElo "2091"]
[BlackElo "2313"]
[Result "0-1"]
[Round "01"]
[TimeControl "180+2"]
[Date "2023.02.07"]
[WhiteClock "0:00:02"]
[BlackClock "0:01:01"]

1. e4 d5 2. exd5 Qxd5 3. Nc3 Qe5+ 4. Be2 Bg4 5. d4 Bxe2 6. Ngxe2 Qa5 7. O-O Nf6 8. Bd2 e6 9. a4 Bb4 10. Nf4 O-O 11. Qf3 c6 12. Rfd1 Qf5 13. Ne4 Qxe4 14. Qxe4 Nxe4 15. Bxb4 Rd8 16. f3 Nf6 17. c4 Nbd7 18. a5 Nb8 19. Bc3 Na6 20. d5 cxd5 21. Bxf6 gxf6 22. cxd5 e5 23. Nh5 Rd6 24. Ra4 Kf8 25. Rh4 Nc7 26. Ng3 Rxd5 27. Rxd5 Nxd5 28. Rxh7 Kg8 29. Rh4 Rc8 30. Nf5 Rc1+ 31. Kf2 Rc2+ 32. Kg3 Nf4 33. Nh6+ Kf8 34. Rg4 Rxg2+ 0-1


[Site "https://www.chess.com"]

[Event "Titled Tuesday Blitz February 07 Late 2023"]
[White "Martinez Ramirez, Lennis"]
[Black "Szente Varga, Fruzsina"]
[WhiteFideId "3509079"]
[BlackFideId "712264"]
[WhiteElo "2426"]
[BlackElo "2075"]
[Result "1-0"]
[Round "01"]
[TimeControl "180+2"]
[Date "2023.02.07"]
[WhiteClock "0:00:29"]
[BlackClock "0:00:16"]

1. Nf3 Nf6 2. c4 g6 3. d4 Bg7 4. Nc3 d6 5. e4 O-O 6. h3 e5 7. d5 Nbd7 8. Bd3 a5 9. Be3 Nc5 10. g4 Nfd7 11. Bc2 Kh8 12. h4 h6 13. h5 g5 14. Nd2 Nb6 15. Qe2 Bd7 16. f3 Nba4 17. Bxa4 Nxa4 18. Nxa4 Bxa4 19. c5 Qd7 20. cxd6 cxd6 21. Rc1 Rac8 22. Kf2 Bb5 23. Nc4 Bxc4 24. Rxc4 Rxc4 25. Qxc4 Rc8 26. Qb3 a4 27. Qd3 Bf6 28. Rc1 Rxc1 29. Bxc1 Bd8 30. Be3 Kg7 31. Qc4 Ba5 32. Ke2 Kf6 33. Kd3 Ke7 34. Kc2 Kd8 35. Kd3 b5 36. Qc6 Qxc6 37. dxc6 Kc7 38. Bxg5 Kxc6 39. Bxh6 f6 40. Bg7 1-0


[Site "https://www.chess.com"]

[Event "Titled Tuesday Blitz February 07 Late 2023"]
[White "Jenkins, Drake"]
[Black "Averjanov, Alexey"]
[WhiteFideId "2022397"]
[BlackFideId "14109867"]
[WhiteElo "2130"]
[BlackElo "2399"]
[Result "1-0"]
[Round "01"]
[TimeControl "180+2"]
[Date "2023.02.07"]
[WhiteClock "0:00:02"]
[BlackClock "0:01:03"]

1. Nf3 d5 2. c4 e6 3. g3 Nf6 4. Bg2 Be7 5. O-O O-O 6. d3 b6 7. Nbd2 Bb7 8. Rb1 Nbd7 9. b4 c5 10. b5 a6 11. a4 axb5 12. axb5 d4 13. Re1 Qc7 14. Nf1 e5 15. e3 Bd6 16. exd4 cxd4 17. Bb2 Nc5 18. Qc2 e4 19. Nxd4 exd3 20. Qd2 Bxg2 21. Kxg2 Ra2 22. Nc6 Nfe4 23. Rxe4 Nxe4 24. Qxd3 Nc5 25. Qd4 Ne6 26. Qg4 Ba3 27. Be5 Bd6 28. Bb2 Bc5 29. Nd2 Qd7 30. Qe2 Re8 31. Ne4 Nd4 32. Qd3 Qe6 33. Ng5 Qg6 34. Qxg6 hxg6 35. Bxd4 Bxd4 36. Nxd4 Rd8 37. Nc6 Rdd2 38. Ne4 Rxf2+ 39. Nxf2 Rc2 40. c5 Rxc5 41. Kf3 Rc3+ 42. Ke2 Rc2+ 43. Kf1 Rc3 44. Rb2 Rc1+ 45. Kg2 Ra1 46. Nd4 Ra3 47. Nc2 Ra2 48. Rxa2 1-0


[Site "https://www.chess.com"]

[Event "Titled Tuesday Blitz February 07 Late 2023"]
[White "Rosen, Eric"]
[Black "Lopez Del Alamo, Antonio"]
[WhiteFideId "2032562"]
[BlackFideId "2227339"]
[WhiteElo "2349"]
[BlackElo "2280"]
[Result "1-0"]
[Round "01"]
[TimeControl "180+2"]
[Date "2023.02.07"]
[WhiteClock "0:00:05"]
[BlackClock "0:00:07"]

1. e4 c5 2. Nc3 e6 3. f4 Nc6 4. Nf3 Nge7 5. d4 cxd4 6. Nb5 d6 7. Nfxd4 Nxd4 8. Nxd4 Nc6 9. Nf3 Be7 10. Bd3 O-O 11. O-O Nb4 12. Be2 Qb6+ 13. Kh1 Bd7 14. c3 Na6 15. Rb1 Rfd8 16. Bd3 Bc6 17. Qe2 Nc5 18. Be3 Qc7 19. Bc2 d5 20. e5 a6 21. Nd4 Bf8 22. Rf3 g6 23. h4 Ba4 24. b3 Be8 25. h5 Ne4 26. Bxe4 dxe4 27. Rh3 Qxc3 28. Rd1 Rac8 29. hxg6 hxg6 30. g4 Bc5 31. Qh2 Kf8 32. f5 Bxd4 33. f6 1-0


[Site "https://www.chess.com"]

[Event "Titled Tuesday Blitz February 07 Late 2023"]
[White "Van Dael, Siem"]
[Black "Manukyan, Sargis A."]
[WhiteFideId "1049771"]
[BlackFideId "13303970"]
[WhiteElo "2319"]
[BlackElo "2158"]
[Result "0-1"]
[Round "01"]
[TimeControl "180+2"]
[Date "2023.02.07"]
[WhiteClock "0:00:02"]
[BlackClock "0:00:41"]

1. e4 c5 2. Nf3 d6 3. d4 cxd4 4. Nxd4 Nf6 5. Nc3 g6 6. Be3 Bg7 7. f3 O-O 8. Qd2 Nc6 9. O-O-O d5 10. Qe1 e5 11. Nxc6 bxc6 12. exd5 Nxd5 13. Bc4 Be6 14. Kb1 h6 15. Ne4 Qc7 16. Bc5 Rfd8 17. Bb3 a5 18. a4 Nf4 19. Bxe6 Nxe6 20. Bd6 Qb6 21. Qc3 Nd4 22. Rhe1 f5 23. Qc4+ Kh7 24. Be7 Rdb8 25. b3 fxe4 26. Rxe4 Rb7 27. Bc5 Qa6 28. Qc3 Rab8 29. Bxd4 exd4 30. Qd2 c5 31. Ka2 c4 32. Rxd4 cxb3+ 33. cxb3 Rxb3 34. Rd6 Qc4 35. Qd5 Rb2+ 36. Ka1 Rb1# 0-1


[Site "https://www.chess.com"]

[Event "Titled Tuesday Blitz February 07 Late 2023"]
[White "Di Berardino, Diego Rafael"]
[Black "Olsson, William"]
[WhiteFideId "2105446"]
[BlackFideId "1741721"]
[WhiteElo "2479"]
[BlackElo "2355"]
[Result "1-0"]
[Round "01"]
[TimeControl "180+2"]
[Date "2023.02.07"]
[WhiteClock "0:00:04"]
[BlackClock "0:00:11"]

1. e4 c5 2. Nf3 d6 3. d4 cxd4 4. Nxd4 Nf6 5. Nc3 g6 6. Be3 Bg7 7. f3 O-O 8. Qd2 Nc6 9. O-O-O Bd7 10. g4 Rc8 11. h4 h5 12. g5 Ne8 13. Kb1 a6 14. Nd5 Nc7 15. Nb6 Rb8 16. f4 Bg4 17. Be2 Nxd4 18. Bxg4 Ncb5 19. Nd7 hxg4 20. Nxb8 Qxb8 21. a4 Nf3 22. Qg2 Nbd4 23. Qxg4 e5 24. c3 exf4 25. Bxd4 Nxd4 26. cxd4 b5 27. h5 Qb7 28. Qxf4 gxh5 29. Rxh5 bxa4 30. Qf5 Rb8 31. Rd2 a3 32. g6 axb2 33. Qxf7+ Qxf7 34. gxf7+ Kxf7 35. Rxb2 Rxb2+ 36. Kxb2 Bxd4+ 37. Kc2 Be5 38. Rh7+ Kf6 39. Ra7 Bd4 40. Rxa6 Ke5 41. Kd3 Bc5 42. Ra5 Ke6 43. Kc4 Ke5 44. Kd3 Kf4 45. Ra8 Ke5 46. Re8+ Kf6 47. Kc4 Ba3 48. Kd5 Bb4 49. Re6+ Kg5 50. Rxd6 Kf4 51. e5 Bxd6 52. exd6 1-0


[Site "https://www.chess.com"]

[Event "Titled Tuesday Blitz February 07 Late 2023"]
[White "Ruiz Aguilar, Pablo Alexander"]
[Black "Suder, Jakub"]
[WhiteFideId "4401352"]
[BlackFideId "1195310"]
[WhiteElo "2161"]
[BlackElo "2244"]
[Result "0-1"]
[Round "01"]
[TimeControl "180+2"]
[Date "2023.02.07"]
[WhiteClock "0:00:12"]
[BlackClock "0:00:22"]

1. e4 c5 2. Nf3 e6 3. d4 cxd4 4. Nxd4 Nc6 5. Nc3 Nf6 6. Nxc6 bxc6 7. Bd3 d5 8. O-O Be7 9. Re1 O-O 10. Qe2 d4 11. Nd1 e5 12. h3 Nd7 13. f4 exf4 14. Bxf4 Bg5 15. Qf2 Bxf4 16. Qxf4 Nc5 17. Nf2 Ne6 18. Qd2 Qb6 19. b3 Ba6 20. Bxa6 Qxa6 21. Nd3 c5 22. Nb2 Qd6 23. Nc4 Qg3 24. Qf2 Qc3 25. Rad1 Rad8 26. Rd3 Qb4 27. a3 Qb8 28. e5 Qc7 29. Rg3 Kh8 30. Rg4 d3 31. cxd3 Rxd3 32. Rg3 Rxg3 33. Qxg3 Nd4 34. Kh2 h6 35. Re4 Qe7 36. Rg4 Nf5 37. Qf4 Qe6 38. h4 Rd8 39. Qe4 Rd4 40. Qa8+ Kh7 41. Rxd4 Nxd4 42. Qe4+ Qg6 43. Qxg6+ Kxg6 44. b4 cxb4 45. axb4 Kf5 46. Kh3 Ke6 47. g4 Kd5 48. Nd6 Ke6 49. Nc4 Nc6 50. b5 Nxe5 51. Na5 Kd6 52. Nb7+ Kd5 53. Nd8 Kc5 54. g5 hxg5 55. hxg5 Kxb5 56. Kg3 a5 57. Kf4 f6 58. Ne6 Ng6+ 59. Kf5 Ne7+ 60. Kf4 fxg5+ 61. Kxg5 a4 62. Nd4+ Kc4 63. Nc2 Kb3 64. Nd4+ Kb2 65. Nb5 a3 66. Nxa3 Kxa3 67. Kf4 Kb4 68. Ke5 Kc5 69. Ke6 g6 70. Kf6 Kd6 71. Kg5 Ke6 72. Kg4 Kf6 73. Kg3 g5 74. Kf3 Kg6 75. Kg4 Nf5 76. Kh3 Nh6 77. Kg2 Kf5 78. Kh3 Kf4 79. Kg2 g4 80. Kf2 Nf5 81. Kg1 g3 82. Kg2 Kg4 83. Kh1 Kf3 84. Kg1 Nd4 85. Kh1 Nc2 86. Kg1 g2 87. Kh2 Kf2 88. Kh3 g1=Q 89. Kh4 Qg6 90. Kh3 Qh5# 0-1


[Site "https://www.chess.com"]

[Event "Titled Tuesday Blitz February 07 Late 2023"]
[White "Martynov, Pavel"]
[Black "EdmundPlayer"]
[WhiteFideId "4101260"]
[WhiteElo "2414"]
[BlackElo "2275"]
[Result "1-0"]
[Round "01"]
[TimeControl "180+2"]
[Date "2023.02.07"]
[WhiteClock "0:01:33"]
[BlackClock "0:00:05"]

1. e4 e5 2. Nf3 Nc6 3. Bb5 a6 4. Ba4 Nf6 5. d3 b5 6. Bb3 Bc5 7. c3 d6 8. h3 h6 9. Nbd2 O-O 10. Nf1 Bb7 11. Ng3 Ne7 12. Nh4 d5 13. Qf3 Nh7 14. O-O Kh8 15. a4 Qd7 16. Nhf5 Nxf5 17. Nxf5 Rad8 18. Qg3 f6 19. Nh4 Rfe8 20. axb5 axb5 21. Kh1 dxe4 22. Ng6# 1-0


[Site "https://www.chess.com"]

[Event "Titled Tuesday Blitz February 07 Late 2023"]
[White "Schuster, Karsten"]
[Black "Romanchuk, Viktor"]
[WhiteFideId "4611071"]
[BlackFideId "14109271"]
[WhiteElo "2309"]
[BlackElo "2266"]
[Result "1/2-1/2"]
[Round "01"]
[TimeControl "180+2"]
[Date "2023.02.07"]
[WhiteClock "0:00:33"]
[BlackClock "0:00:10"]

1. d4 d5 2. c4 c6 3. cxd5 cxd5 4. Bf4 Nf6 5. Nc3 Nc6 6. e3 Bf5 7. Qb3 Na5 8. Qa4+ Bd7 9. Qc2 Rc8 10. Bd3 e6 11. Nf3 Bb4 12. O-O O-O 13. Rfc1 a6 14. h3 Bxc3 15. bxc3 Bb5 16. Bxb5 axb5 17. a4 bxa4 18. Qxa4 Nc4 19. Ne5 Ne4 20. Nxc4 Rxc4 21. Qb3 Qc8 22. Ra3 Qc6 23. f3 Nf6 24. Rb1 h6 25. Qxb7 Rxc3 26. Qxc6 Rxc6 27. Rab3 Rfc8 28. Rb8 Nd7 29. Rxc8+ Rxc8 30. Rb7 Nf8 31. Rb8 Rxb8 32. Bxb8 Nd7 33. Bd6 h5 34. Kf2 f6 35. e4 Kf7 36. g4 hxg4 37. hxg4 Nb6 38. Bc5 Nc4 39. exd5 exd5 40. f4 Nd2 41. Ke3 Ne4 42. Bb4 f5 43. gxf5 Ng3 44. Kd3 Nxf5 45. Ba5 Ke6 46. Bc7 Ng3 47. Be5 g6 48. Ke3 Kf5 49. Kf3 Nf1 50. Ke2 Ng3+ 51. Kf3 Ne4 52. Bb8 Nf6 53. Be5 Nd7 54. Bd6 Nb6 55. Be5 Nc4 56. Bc7 Na3 57. Be5 Nb5 58. Bg7 Nc7 59. Be5 Ne6 60. Kg3 Ke4 61. Kg4 Nxd4 62. Bc7 Ne6 63. Bd6 d4 64. Be5 d3 65. Bc3 Nxf4 66. Kg5 Nd5 67. Bd2 Ne7 68. Kf6 Kf3 69. Kxe7 Ke2 70. Bg5 d2 71. Bxd2 Kxd2 72. Kf6 g5 73. Kxg5 1/2-1/2


[Site "https://www.chess.com"]

[Event "Titled Tuesday Blitz February 07 Late 2023"]
[White "Crevatin, Leo"]
[Black "Osmonbekov, Talaibek"]
[WhiteFideId "1726307"]
[BlackFideId "2017253"]
[WhiteElo "2292"]
[BlackElo "2137"]
[Result "1-0"]
[Round "01"]
[TimeControl "180+2"]
[Date "2023.02.07"]
[WhiteClock "0:01:35"]
[BlackClock "0:01:03"]

1. e4 c5 2. c3 d5 3. exd5 Qxd5 4. Nf3 e5 5. Bb5+ Bd7 6. Qe2 Bd6 7. Bc4 Qc6 8. Nxe5 Bxe5 9. Qxe5+ Ne7 10. O-O f6 11. Qh5+ Ng6 12. Re1+ Kf8 13. d3 Qd6 14. Be3 b6 15. Nd2 Nc6 16. Ne4 Qe5 17. Qe2 Re8 18. Ng3 h5 19. Qc2 h4 20. d4 cxd4 21. Qxg6 hxg3 22. Qf7# 1-0


[Site "https://www.chess.com"]

[Event "Titled Tuesday Blitz February 07 Late 2023"]
[White "Fajdetic, Hrvoje"]
[Black "Koellner, Ruben Gideon"]
[WhiteFideId "14501945"]
[BlackFideId "12993093"]
[WhiteElo "2151"]
[BlackElo "2426"]
[Result "0-1"]
[Round "01"]
[TimeControl "180+2"]
[Date "2023.02.07"]
[WhiteClock "0:00:13"]
[BlackClock "0:00:10"]

1. d4 d6 2. Nc3 Nf6 3. e4 e5 4. Nge2 Nc6 5. f3 exd4 6. Nxd4 d5 7. Bb5 Qd6 8. exd5 Nxd5 9. Nxc6 Nxc3 10. Qxd6 Bxd6 11. bxc3 a6 12. Ba4 Bd7 13. O-O Bxc6 14. Re1+ Kd7 15. Bb3 Rhe8 16. Bg5 f6 17. Bh4 Rxe1+ 18. Rxe1 Re8 19. Rxe8 Kxe8 20. Kf2 Be5 21. c4 Ke7 22. h3 Kd6 23. Ke2 Kc5 24. Be1 b6 25. Kd3 Bd7 26. a3 Bf5+ 27. Ke2 a5 28. g4 Bg6 29. Bf2+ Bd4 30. Bg3 c6 31. Bc7 Bb2 32. a4 Be5 33. Bd8 Bd6 34. Ke3 h6 35. f4 Bf7 36. g5 hxg5 37. fxg5 fxg5 38. Bxg5 Bxc4 39. Kd2 Bxb3 40. cxb3 Kd5 41. Kd3 b5 42. Bd8 Bb4 43. h4 bxa4 44. bxa4 c5 45. h5 c4+ 46. Kc2 Ke6 47. Bg5 Kf5 48. Bc1 Kg4 49. h6 gxh6 50. Bxh6 Kf5 51. Bd2 Bxd2 52. Kxd2 Ke4 53. Kc3 Kd5 54. Kc2 Kd4 55. Kb2 Kd3 56. Ka3 c3 57. Ka2 c2 58. Kb2 Kd2 59. Ka2 c1=Q 0-1


[Site "https://www.chess.com"]

[Event "Titled Tuesday Blitz February 07 Late 2023"]
[White "Janaszak, Dawid"]
[Black "Cueto, Jonny"]
[WhiteFideId "1119206"]
[BlackFideId "3300145"]
[WhiteElo "2316"]
[BlackElo "2122"]
[Result "0-1"]
[Round "01"]
[TimeControl "180+2"]
[Date "2023.02.07"]
[WhiteClock "0:00:38"]
[BlackClock "0:00:08"]

1. e4 e6 2. b3 d5 3. Bb2 Nf6 4. d3 b6 5. Nd2 Bb7 6. Qe2 Be7 7. O-O-O a5 8. a4 b5 9. exd5 Bxd5 10. c4 bxc4 11. dxc4 Bb7 12. Ngf3 Nc6 13. g4 O-O 14. g5 Nd7 15. h4 Nb4 16. h5 Nc5 17. Qe3 Ncd3+ 18. Bxd3 Nxd3+ 19. Kb1 Nxb2 20. Kxb2 Qb8 21. Rhg1 Bc6 22. Ka2 Qb4 23. Nd4 Qa3+ 24. Kb1 Bb7 25. Nc2 Qc5 26. Qc3 Rad8 27. h6 e5 28. hxg7 Rfe8 29. g6 hxg6 30. Ne3 Bf6 31. Ng4 Rd6 32. Nxf6+ Rxf6 33. f4 Rxf4 34. Qh3 Kxg7 35. Rh1 Kf6 36. Rhf1 Rxf1 37. Rxf1+ Ke7 38. Qh4+ Kd7 39. Qf6 Kc8 40. Qxf7 Rd8 41. Rf2 Qe3 42. Kc1 Qc3+ 43. Kd1 Kb8 44. Qe7 Qa1+ 45. Ke2 Qd4 46. Kf1 e4 47. Rf8 Rxf8+ 48. Qxf8+ Ka7 49. Qf4 Qd3+ 50. Kf2 e3+ 51. Qxe3+ Qxe3+ 52. Kxe3 Bh1 53. Kf4 Kb6 54. Ke3 g5 55. Kd4 g4 56. c5+ Kb7 57. Nc4 g3 58. Nxa5+ Kc8 59. Nc4 g2 60. Kc3 g1=Q 61. Kb4 Qe1+ 62. Kb5 Bd5 63. b4 Bxc4+ 64. Kc6 Qe2 65. b5 Qe6# 0-1


[Site "https://www.chess.com"]